 Dungeon Crawl Stone Soup version 0.21.1-1-g345015fe64 (webtiles) character file.

374 Delanovic the Chopper (level 6, -4/46 HPs)
             Began as a Demonspawn Gladiator on June 2, 2018.
             Slain by an ogre
             ... wielding a +0 giant spiked club
              (19 damage)
             ... on level 4 of the Dungeon.
             The game lasted 00:07:27 (2857 turns).

Delanovic the Chopper (Demonspawn Gladiator)        Turns: 2857, Time: 00:07:27

Health: -4/46      AC: 13    Str: 17    XL:     6   Next: 43%
Magic:  6/6        EV: 11    Int:  9    God:
Gold:   154        SH:  0    Dex: 14    Spells: 5/5 levels left

rFire    . . .     SeeInvis .   a - +0 war axe
rCold    . . .     Gourm    .   (no shield)
rNeg     + . .     Faith    .   p - +0 chain mail
rPois    .         Spirit   .   c - +0 helmet
rElec    .         Reflect  .   (no cloak)
rCorr    .         Harm     .   (no gloves)
MR       .....                  i - +0 pair of boots
Stlth    ..........             m - amulet of regeneration
HPRegen  0.55/turn              h - ring of positive energy
MPRegen  0.10/turn              y - +3 ring of evasion

@: no status effects
A: claws 1, molten scales 2, spiny 1
a: no special abilities


You were on level 4 of the Dungeon.
You were not hungry.

You visited 1 branch of the dungeon, and saw 4 of its levels.

You collected 154 gold pieces.

Inventory:

Hand Weapons
 a - a +0 war axe (weapon)
Missiles
 d - 3 throwing nets (quivered)
 j - 3 tomahawks
Armour
 b - a +0 leather armour
 c - a +0 helmet (worn)
 i - a +0 pair of boots (worn)
 p - a +0 chain mail (worn)
Jewellery
 e - an uncursed ring of flight
 h - a ring of positive energy (left claw)
 m - an amulet of regeneration (around neck)
 y - a +3 ring of evasion (right claw)
Wands
 A - a wand of polymorph (21)
Scrolls
 n - a scroll of identify
 o - 2 scrolls of magic mapping {unknown}
 q - a scroll of immolation {unknown}
 r - 3 scrolls of teleportation {unknown}
 s - 2 scrolls of enchant armour {unknown}
 t - a scroll of remove curse {unknown}
 w - a scroll of amnesia {unknown}
Potions
 g - a potion of brilliance
 l - 2 potions of mutation
 u - 3 potions of flight {unknown}
 x - a potion of curing
 z - a potion of degeneration
Books
 k - a book of Cantrips

   Spells                             Type                      Level
   a - Confusing Touch                Hexes                        1
   b - Animate Skeleton               Necromancy                   1
   c - Summon Small Mammal            Summoning                    1
   d - Apportation                    Translocation                1
 v - a book of Changes

   Spells                             Type                      Level
   a - Beastly Appendage              Transmutation                1
   b - Sticks to Snakes               Transmutation                2
   c - Spider Form                    Transmutation/Poison         3
   d - Ice Form                       Ice/Transmutation            4
   e - Blade Hands                    Transmutation                5
Comestibles
 f - 7 rations


   Skills:
 + Level 2.5 Fighting
 + Level 6.3 Axes
 - Level 1.7 Throwing
 + Level 3.0 Dodging


You had 5 spell levels left.
You didn't know any spells.

Dungeon Overview and Level Annotations

Branches:
Dungeon (4/15)
 Temple: D:4-7

Altars:


Innate Abilities, Weirdness & Mutations

You have sharp fingernails.
You are mostly covered in molten scales. (AC +3)
You are partially covered in sharp spines.


Message History

The ogre shouts!
Found a scroll labeled GICLOLOELA, a trident and a blue potion.
An ogre is nearby!
An adder skeleton comes into view.
You slash the ogre!
The ogre is heavily wounded.
The ogre is struck by your spines.
The ogre hits you with a giant spiked club!
You barely miss the ogre.
The ogre is severely wounded.
The ogre hits you with a giant spiked club!!
Okay, then.
You hit the ogre.
The ogre is severely wounded.
The ogre hits you but does no damage.
Your chain mail prevents you from hitting the ogre.
The ogre is severely wounded.
The ogre is struck by your spines.
The ogre hits you with a giant spiked club!!
You die...

....# #####.# ....#
#...#.##.. ...#
#........# ..# #...#.####
.# ##.## # .#### #.# '#
....# #######.### !..
###.# #......#..# ....
.##.# #.###.###@## .)...
.##.####....## ##O#......
.............###.Z'...Z..
.#..####..##..#..##...?..
##.## #..##...>.# #.....
##.# #.........# #....
#.# #####.##### #... #.#
#.# #'# #.# . .#


You could see an ogre and an adder skeleton.

Vanquished Creatures
  The ghost of bujar the Covered, an amateur HuFi (D:3)
  The ghost of NoiZ the Cudgeler, a weakling TrBe of Trog (D:4)
  A centaur skeleton (D:4)
  A worker ant (D:4)
  2 adders
  An ooze (D:3)
  A worm (D:3)
  3 dart slugs
  4 leopard geckos
  5 orcs (D:3)
  15 giant cockroaches
  7 goblins
  7 hobgoblins
  9 jackals (D:3)
  15 kobolds
  2 quokkas (D:3)
  A ball python (D:2)
  8 bats
  4 frilled lizards
  8 rats
96 creatures vanquished.

Notes
Turn   | Place    | Note
-------+----------+-------------------------------------------
     0 | D:1      | Delanovic the Demonspawn Gladiator began the quest for the Orb.
     0 | D:1      | Reached XP level 1. HP: 16/16 MP: 1/1
   308 | D:1      | Reached skill level 3 in Axes
   313 | D:1      | Gained mutation: You are partially covered in sharp spines. [demonic ancestry]
   313 | D:1      | Reached XP level 2. HP: 19/22 MP: 2/2
   906 | D:1      | Gained mutation: You are partially covered in molten scales. (AC +2) [demonic ancestry]
   906 | D:1      | Reached XP level 3. HP: 25/27 MP: 3/3
  1311 | D:2      | Reached skill level 4 in Axes
  1847 | D:3      | Reached XP level 4. HP: 33/33 MP: 4/4
  1964 | D:3      | Noticed bujar's ghost (amateur HuFi)
  1983 | D:3      | Killed bujar's ghost
  1983 | D:3      | Reached skill level 5 in Axes
  1983 | D:3      | Gained mutation: You are mostly covered in molten scales. (AC +3) [demonic ancestry]
  1983 | D:3      | Reached XP level 5. HP: 6/38 MP: 5/5
  2154 | D:3      | Reached skill level 6 in Axes
  2600 | D:4      | Gained mutation: You have sharp fingernails. [demonic ancestry]
  2600 | D:4      | Reached XP level 6. HP: 44/44 MP: 6/6
  2651 | D:4      | Noticed NoiZ's ghost (weakling TrBe)
  2673 | D:4      | Killed NoiZ's ghost
  2857 | D:4      | Slain by an ogre

Skill      XL: |  1  2  3  4  5  6 |
---------------+-------------------+-----
Axes           | 3 4 5 6 |  6.3
Dodging        | 3 |  3.0
Fighting       | |  2.5
Throwing       | |  1.7

Action                   |  1- 3 |  4- 6 || total
-------------------------+-------+-------++-------
Melee: War axe           |    90 |   114 ||   204
  Use: Scroll            |       |     7 ||     7
       Potion            |       |     2 ||     2
 Stab: Invisible         |       |     3 ||     3
  Eat: Chunk             |     2 |     4 ||     6
Armor: Leather armour    |    23 |       ||    23
       Chain mail        |    12 |    73 ||    85
       Skin              |       |    11 ||    11
Dodge: Dodged            |    57 |    41 ||    98
